MLB
CHICAGO (A) WHITE SOX @ BOSTON RED SOX
09/28/2041
 
TOP OF THE 1ST
Chicago (A) White Sox batting - Pitching for Boston Red Sox : RHP Shawn Garner
Pitching: RHP Shawn Garner
Batting: LHB Juan Carlos Jiménez 0-0: Ball
1-0: Called Strike
1-1: Ball
2-1: Ball
3-1: Fly out, F8 (Flyball, 8LM, EV 75.0 MPH)
Batting: RHB Jon Heath 0-0: Foul Ball, location: 2F
0-1: Ball
1-1: Swinging Strike
1-2: Foul Ball, location: 5FF
1-2: Ball
2-2: Strikes out swinging
Batting: LHB Stan Waters 0-0: Ball
1-0: Ground out 4-3 (Groundball, 4, EV 87.5 MPH)
Top of the 1st over - 0 runs, 0 hits, 0 errors, 0 left on base; Chicago (A) 0 - Boston 0
BOTTOM OF THE 1ST
Boston Red Sox batting - Pitching for Chicago (A) White Sox : LHP Joe Wilson
Pitching: LHP Joe Wilson
Batting: RHB António Negrón 0-0: Ball
1-0: Foul Ball, location: 9LDF
1-1: Called Strike
1-2: Ground out 5-3 (Groundball, 56S, EV 79.4 MPH)
Batting: LHB Erwin Broomhead 0-0: Ground out U3 (Groundball, 34, EV 80.0 MPH)
Batting: RHB Juan Ávila 0-0: Called Strike
0-1: Ground out 5-3 (Groundball, 56S, EV 85.6 MPH)
Bottom of the 1st over - 0 runs, 0 hits, 0 errors, 0 left on base; Chicago (A) 0 - Boston 0
TOP OF THE 2ND
Chicago (A) White Sox batting - Pitching for Boston Red Sox : RHP Shawn Garner
Batting: RHB Mal Williamson 0-0: Ball
1-0: Swinging Strike
1-1: Ball
2-1: Ball
3-1: Base on Balls
Batting: LHB Mal Reed 0-0: Called Strike
0-1: Ball
1-1: Ball
2-1: DOUBLE (Groundball, 5L, EV 103.8 MPH)
Mal Williamson to third
Batting: LHB Jon Gates 0-0: Foul Ball, location: 5F
0-1: Swinging Strike
0-2: SINGLE (Line Drive, 9S, EV 93.1 MPH)
Mal Williamson scores
Mal Reed to third
Batting: RHB Tony Hoover 0-0: Called Strike
Jon Gates steals 2nd base
0-1: Fly out, F7 (Flyball, 7, EV 81.9 MPH)
Batting: RHB Greg Wright 0-0: Ball
1-0: Called Strike
1-1: Ball
2-1: Ball
3-1: Called Strike
3-2: Strikes out swinging
Batting: RHB José García 0-0: SINGLE (Line Drive, 89M, EV 98.8 MPH)
Mal Reed scores
Jon Gates to third
Batting: LHB Juan Carlos Jiménez 0-0: Ground out 2-3 (Groundball, 2L, EV 71.9 MPH)
Top of the 2nd over - 2 runs, 3 hits, 0 errors, 2 left on base; Chicago (A) 2 - Boston 0
BOTTOM OF THE 2ND
Boston Red Sox batting - Pitching for Chicago (A) White Sox : LHP Joe Wilson
Batting: LHB Derek Orby 0-0: Called Strike
0-1: Foul Ball, location: 7LSF
0-2: Ball
1-2: Ball
2-2: Ground out 5-3 (Groundball, 56, EV 93.1 MPH)
Batting: RHB Juan Serrato 0-0: Called Strike
0-1: Swinging Strike
0-2: Fly out, F9 (Flyball, 89M, EV 75.0 MPH)
Batting: SHB Rubén Díaz 0-0: Fly out, F8 (Flyball, 8LD, EV 103.1 MPH)
Bottom of the 2nd over - 0 runs, 0 hits, 0 errors, 0 left on base; Chicago (A) 2 - Boston 0
TOP OF THE 3RD
Chicago (A) White Sox batting - Pitching for Boston Red Sox : RHP Shawn Garner
Batting: RHB Jon Heath 0-0: Ball
1-0: Foul Ball, location: 2F
1-1: TRIPLE (Flyball, 78XD, EV 97.5 MPH)
Batting: LHB Stan Waters 0-0: Ball
1-0: Fly out, F9 (Flyball, 9LD, EV 86.3 MPH)
Batting: RHB Mal Williamson 0-0: Called Strike
0-1: Foul Ball, location: 2F
0-2: Strikes out swinging
Batting: LHB Mal Reed 0-0: Fly out, F9 (Flyball, 9D, EV 105.0 MPH)
Top of the 3rd over - 0 runs, 1 hit, 0 errors, 1 left on base; Chicago (A) 2 - Boston 0
BOTTOM OF THE 3RD
Boston Red Sox batting - Pitching for Chicago (A) White Sox : LHP Joe Wilson
Batting: RHB José Morales 0-0: Foul Ball, location: 2F
0-1: Called Strike
0-2: Strikes out swinging
Batting: RHB Eric Taylor 0-0: Ball
1-0: Ball
2-0: Called Strike
2-1: Foul Ball, location: 3DF
2-2: Ball
3-2: Foul Ball, location: 9LSF
3-2: Reached on error, E5 (Groundball, 56S, EV 88.1 MPH)
Batting: SHB Danny Walker 0-0: Called Strike
0-1: Fly out, F9 (Flyball, 89S, EV 91.9 MPH)
Batting: RHB António Negrón 0-0: DOUBLE (Line Drive, 9LM, EV 106.9 MPH)
Eric Taylor to third
Runner from 3rd tries for Home, SAFE, throw by RF to trailing runner, SAFE at third!
Batting: LHB Erwin Broomhead 0-0: Foul Ball, location: 2LF
0-1: Called Strike
0-2: Strikes out swinging
Bottom of the 3rd over - 1 run, 1 hit, 1 error, 1 left on base; Chicago (A) 2 - Boston 1
TOP OF THE 4TH
Chicago (A) White Sox batting - Pitching for Boston Red Sox : RHP Shawn Garner
Batting: LHB Jon Gates 0-0: Swinging Strike
0-1: Ball
1-1: Ball
2-1: Ball
3-1: Fly out, F8 (Flyball, 78D, EV 105.0 MPH)
Batting: RHB Tony Hoover 0-0: Ball
1-0: Ground out 6-3 (Groundball, 6M, EV 85.0 MPH)
Batting: RHB Greg Wright 0-0: Called Strike
0-1: Fly out, F8 (Flyball, 8LD, EV 106.3 MPH)
Top of the 4th over - 0 runs, 0 hits, 0 errors, 0 left on base; Chicago (A) 2 - Boston 1
BOTTOM OF THE 4TH
Boston Red Sox batting - Pitching for Chicago (A) White Sox : LHP Joe Wilson
Batting: RHB Juan Ávila 0-0: Ground out 5-3 (Groundball, 56, EV 76.3 MPH)
Batting: LHB Derek Orby 0-0: Called Strike
0-1: Ball
1-1: Ball
2-1: Ground out U3 (Groundball, 13, EV 91.3 MPH)
Batting: RHB Juan Serrato 0-0: Ball
1-0: Foul Ball, location: 2F
1-1: Swinging Strike
1-2: Ball
2-2: Ball
3-2: Ground out 5-3 (Groundball, 56, EV 105.6 MPH)
Bottom of the 4th over - 0 runs, 0 hits, 0 errors, 0 left on base; Chicago (A) 2 - Boston 1
TOP OF THE 5TH
Chicago (A) White Sox batting - Pitching for Boston Red Sox : RHP Shawn Garner
Batting: RHB José García 0-0: Called Strike
0-1: Ground out 3-1 (Groundball, 34S, EV 82.5 MPH)
Batting: LHB Juan Carlos Jiménez 0-0: Ball
1-0: SINGLE (Groundball, P, EV 90.0 MPH) (infield hit)
Batting: RHB Jon Heath Pickoff Play to 1st, Runner tries for 2nd, OUT after rundown.
0-0: Fly out, F9 (Flyball, 9D, EV 111.9 MPH)
Top of the 5th over - 0 runs, 1 hit, 0 errors, 0 left on base; Chicago (A) 2 - Boston 1
BOTTOM OF THE 5TH
Boston Red Sox batting - Pitching for Chicago (A) White Sox : LHP Joe Wilson
Batting: SHB Rubén Díaz 0-0: Ball
1-0: Ball
2-0: Ball
3-0: Foul Ball, location: 9LMF
3-1: Called Strike
3-2: Foul Ball, location: 2F
3-2: Foul Ball, location: 9LSF
3-2: SINGLE (Flyball, 8RS, EV 93.1 MPH)
Batting: RHB José Morales 0-0: Called Strike
0-1: Ball
1-1: Foul Ball, location: 3F
1-2: Grounds into double play, 4-6-3 (Groundball, 34, EV 104.4 MPH)
Batting: RHB Eric Taylor 0-0: Foul Ball, location: 9LDF
0-1: Called Strike
0-2: Ball
1-2: Fly out, F9 (Flyball, 9, EV 91.3 MPH)
Bottom of the 5th over - 0 runs, 1 hit, 0 errors, 0 left on base; Chicago (A) 2 - Boston 1
TOP OF THE 6TH
Chicago (A) White Sox batting - Pitching for Boston Red Sox : RHP Shawn Garner
Batting: LHB Stan Waters 0-0: Called Strike
0-1: Swinging Strike
0-2: Foul Ball, location: 9LMF
0-2: Foul Ball, location: 7LMF
0-2: Ground out 4-3 (Groundball, 34, EV 86.3 MPH)
Batting: RHB Mal Williamson 0-0: Ball
1-0: Ground out 5-3 (Groundball, 56S, EV 71.3 MPH)
Batting: LHB Mal Reed 0-0: Ball
1-0: Swinging Strike
1-1: Ball
2-1: DOUBLE (Flyball, 8LXD, EV 101.9 MPH)
Batting: LHB Jon Gates 0-0: Called Strike
0-1: Ball
1-1: Swinging Strike
1-2: Strikes out swinging
Top of the 6th over - 0 runs, 1 hit, 0 errors, 1 left on base; Chicago (A) 2 - Boston 1
BOTTOM OF THE 6TH
Boston Red Sox batting - Pitching for Chicago (A) White Sox : LHP Joe Wilson
Batting: SHB Danny Walker 0-0: Ball
1-0: Foul Ball, location: 2F
1-1: Swinging Strike
1-2: Ball
2-2: Strikes out swinging
Batting: RHB António Negrón 0-0: Ball
1-0: Ball
2-0: Called Strike
2-1: Called Strike
2-2: Fly out, F7 (Flyball, 78S, EV 90.0 MPH)
Batting: LHB Erwin Broomhead 0-0: Foul Ball, location: 5F
0-1: Ball
1-1: Ball
2-1: Fly out, F4 (Line Drive, 4, EV 72.5 MPH)
Bottom of the 6th over - 0 runs, 0 hits, 0 errors, 0 left on base; Chicago (A) 2 - Boston 1
TOP OF THE 7TH
Chicago (A) White Sox batting - Pitching for Boston Red Sox : RHP Shawn Garner
Batting: RHB Tony Hoover 0-0: Fly out, F7 (Flyball, 78S, EV 87.5 MPH)
Batting: RHB Greg Wright 0-0: SINGLE (Line Drive, 4MD, EV 98.8 MPH)
Batting: RHB José García 0-0: Ball
1-0: Swinging Strike
1-1: Foul Ball, location: 9LSF
1-2: DOUBLE (Groundball, 5L, EV 101.9 MPH)
Greg Wright to third
Batting: LHB Juan Carlos Jiménez 0-0: Intentional Walk
Batting: RHB Jon Heath 0-0: Foul Ball, location: 2F
0-1: Foul Ball, location: 9LMF
0-2: Ball
1-2: Foul Ball, location: 2F
1-2: Ball
2-2: Foul Ball, location: 2F
2-2: Ball
3-2: Base on Balls
Greg Wright scores
José García to third
Juan Carlos Jiménez to second
Batting: LHB Stan Waters 0-0: Ball
1-0: Ball
2-0: Foul Ball, location: 2F
2-1: Called Strike
2-2: Ball
3-2: Base on Balls
José García scores
Juan Carlos Jiménez to third
Jon Heath to second
Batting: RHB Mal Williamson 0-0: Called Strike
0-1: Ball
1-1: Ball
2-1: Swinging Strike
2-2: Foul Ball, location: 9LSF
2-2: Strikes out looking
Batting: LHB Mal Reed 0-0: Ball
1-0: Ball
2-0: Called Strike
2-1: Swinging Strike
2-2: Foul Ball, location: 7LSFF
2-2: Fly out, F9 (Flyball, 9D, EV 94.4 MPH)
Top of the 7th over - 2 runs, 2 hits, 0 errors, 3 left on base; Chicago (A) 4 - Boston 1
BOTTOM OF THE 7TH
Boston Red Sox batting - Pitching for Chicago (A) White Sox : LHP Joe Wilson
Batting: RHB Juan Ávila 0-0: Ball
1-0: Foul Ball, location: 23F
1-1: Foul Ball, location: 2F
1-2: Ball
2-2: Ground out U3 (Groundball, 3, EV 96.9 MPH)
Batting: LHB Derek Orby 0-0: Foul Ball, location: 5SF
0-1: Ball
1-1: Ball
2-1: Called Strike
2-2: Ball
3-2: Fly out, F6 (Popup, 6, EV 76.9 MPH)
Batting: RHB Juan Serrato 0-0: Called Strike
0-1: Ball
1-1: Foul Ball, location: 9LSF
1-2: Ball
2-2: DOUBLE (Flyball, 8RXD, EV 99.4 MPH)
Batting: SHB Rubén Díaz 0-0: Foul Ball, location: 25F
0-1: Called Strike
0-2: Ball
1-2: SINGLE (Groundball, 4S, EV 65.6 MPH) (infield hit)
Juan Serrato to third
Batting: RHB José Morales 0-0: Ball
1-0: Ground out 5-3 (Groundball, 56S, EV 62.5 MPH)
Bottom of the 7th over - 0 runs, 2 hits, 0 errors, 2 left on base; Chicago (A) 4 - Boston 1
TOP OF THE 8TH
Chicago (A) White Sox batting - Pitching for Boston Red Sox : RHP Shawn Garner
Batting: LHB Jon Gates 0-0: Called Strike
0-1: Fly out, F7 (Flyball, 7, EV 95.6 MPH)
Batting: RHB Tony Hoover 0-0: Ball
1-0: Ball
2-0: Foul Ball, location: 2F
2-1: Called Strike
2-2: Ball
3-2: SINGLE (Groundball, 56D, EV 106.9 MPH)
Pitching: RHP Eddie Gunn
Batting: RHB Greg Wright 0-0: Called Strike
0-1: Swinging Strike
0-2: Strikes out swinging
Batting: RHB José García 0-0: Ball
1-0: Ball
2-0: SINGLE (Groundball, 56, EV 86.3 MPH)
Tony Hoover to second
Batting: LHB Juan Carlos Jiménez 0-0: Ball
1-0: SINGLE (Line Drive, 6M, EV 102.5 MPH)
Tony Hoover to third
José García to second
Runner from 3rd tries for Home, throw by CF and OUT! 8-2
Top of the 8th over - 0 runs, 3 hits, 0 errors, 2 left on base; Chicago (A) 4 - Boston 1
BOTTOM OF THE 8TH
Boston Red Sox batting - Pitching for Chicago (A) White Sox : LHP Joe Wilson
Now in CF: Bob Parks
Batting: RHB Eric Taylor 0-0: Called Strike
0-1: Ball
1-1: Swinging Strike
1-2: Strikes out looking
Batting: SHB Danny Walker 0-0: Ball
1-0: Ball
2-0: Called Strike
2-1: TRIPLE (Flyball, 78XD, EV 90.0 MPH)
Batting: RHB António Negrón 0-0: Called Strike
0-1: Foul Ball, location: 2F
0-2: Ball
1-2: Foul Ball, location: 9LSF
1-2: Foul Ball, location: 2F
1-2: Ball
2-2: SINGLE (Groundball, 4MD, EV 95.6 MPH)
Danny Walker scores
Pitching: RHP Joaquín López
Batting: LHB Erwin Broomhead 0-0: Ball
1-0: Ball
2-0: Called Strike
2-1: Ball
3-1: Called Strike
3-2: DOUBLE (Flyball, 8LXD, EV 92.5 MPH)
António Negrón to third
António Negrón scores
Pinch Hitting: LHB Abel Scott 0-0: Foul Ball, location: 7LMF
0-1: Fly out, F9 (Flyball, 89D, EV 106.3 MPH)
Runner from 2nd tags up, SAFE at 3rd, no throw by RF
Batting: LHB Derek Orby 0-0: Ball
1-0: Foul Ball, location: 9LSF
1-1: Ball
2-1: Ball
3-1: Called Strike
3-2: DOUBLE (Flyball, 78XD, EV 96.3 MPH)
Erwin Broomhead scores
Pinch Hitting: LHB Elián Ortíz 0-0: Ball
1-0: Ball
2-0: Ball
3-0: Base on Balls
Batting: SHB Rubén Díaz 0-0: Called Strike
0-1: Fly out, F8 (Flyball, 89M, EV 80.0 MPH)
Bottom of the 8th over - 3 runs, 4 hits, 0 errors, 2 left on base; Chicago (A) 4 - Boston 4
TOP OF THE 9TH
Chicago (A) White Sox batting - Pitching for Boston Red Sox : RHP Eddie Gunn
Now at 1B: Elián Ortíz
Now at SS: José Morales
Now in LF: Abel Scott
Pinch Hitting: LHB Jim Alexander 0-0: Ball
1-0: Called Strike
1-1: DOUBLE (Groundball, 5L, EV 94.4 MPH)
Batting: LHB Stan Waters 0-0: Intentional Walk
Pinch Runner at 2nd Juan Medina:
Batting: RHB Mal Williamson 0-0: Ball
1-0: DOUBLE (Flyball, 78XD, EV 96.3 MPH)
Juan Medina scores
Stan Waters to third
Pitching: LHP Bernie Taylor
Batting: LHB Mal Reed 0-0: Ball
1-0: Called Strike
1-1: Fly out, F9 (Flyball, 89S, EV 96.9 MPH)
Batting: LHB Jon Gates 0-0: Ball
1-0: Ball
2-0: Ground out 2-3 (Groundball, 2L, EV 64.4 MPH)
Batting: RHB Tony Hoover 0-0: Called Strike
0-1: SINGLE (Groundball, 34D, EV 103.8 MPH)
Stan Waters scores
Mal Williamson to third
Runner from 3rd tries for Home, SAFE, throw by RF to home
Batting: RHB Greg Wright 0-0: Fly out, F8 (Flyball, 8RD, EV 90.6 MPH)
Top of the 9th over - 3 runs, 3 hits, 0 errors, 1 left on base; Chicago (A) 7 - Boston 4
BOTTOM OF THE 9TH
Boston Red Sox batting - Pitching for Chicago (A) White Sox : RHP Joaquín López
Pitching: LHP Ernesto Martínez
Now at 2B: Juan Medina
Batting: RHB José Morales 0-0: Ball
1-0: Ground out 5-3 (Groundball, 56, EV 80.0 MPH)
Batting: RHB Eric Taylor 0-0: Ball
1-0: Ball
2-0: Fly out, F8 (Flyball, 8RD, EV 106.3 MPH)
Batting: SHB Danny Walker 0-0: Called Strike
0-1: Called Strike
0-2: Ball
1-2: Ball
2-2: Foul Ball, location: 5DF
2-2: Strikes out looking
Bottom of the 9th over - 0 runs, 0 hits, 0 errors, 0 left on base; Chicago (A) 7 - Boston 4
Sunday, March 24th , 2024 - OOTP Baseball 24.10 Build 82